2867 views
Uploaded 2020-01-24 00:05:35
Game version 1.32.0.4
19:17 long 4on4 ladder game on (8)Battleground_LV
Saved by ChuckleMan
2867 views
Uploaded 2020-01-24 00:05:35
Game version 1.32.0.4
19:17 long 4on4 ladder game on (8)Battleground_LV


168 units @ 23.4k
/ 3k
141 buildings @ 12.9k
/ 5.9k

| Lesser Clarity Potion | 3 | 210 |
| Scroll of Regeneration | 1 | 100 |
| Scroll of Town Portal | 1 | 350 |
| Boots of Speed | 1 | 250 |
| Potion of Invisibility | 2 | 200 |
| Staff of Teleportation | 1 | 150 |
| Potion of Lesser Invulnerability | 1 | 150 |
| total: | 10 | 1410g |
| Peasant | 25 | 1875 | / | 0 |
| Sorceress | 1 | 155 | / | 20 |
| Flying Machine | 9 | 900 | / | 270 |
| total: | 35 | 2930g | / | 290w |
| Scout Tower | 47 | 1410 | / | 940 |
| Arcane Tower | 1 | 70 | / | 50 |
| Guard Tower | 19 | 1330 | / | 950 |
| Altar of Kings | 1 | 180 | / | 50 |
| Farm | 12 | 960 | / | 240 |
| Lumber Mill | 1 | 120 | / | 0 |
| Town Hall | 1 | 385 | / | 205 |
| Arcane Vault | 1 | 130 | / | 30 |
| Blacksmith | 1 | 140 | / | 60 |
| Arcane Sanctum | 1 | 150 | / | 140 |
| Workshop | 5 | 700 | / | 700 |
| Keep | 1 | 320 | / | 210 |
| Castle | 1 | 360 | / | 210 |
| total: | 70 | 4175g | / | 2365w |
| 0:04 | Altar of Kings |
| 0:07 | Peasant |
| 0:07 | Peasant |
| 0:14 | Farm |
| 0:17 | Peasant |
| 0:25 | Peasant |
| 0:35 | Farm |
| 0:49 | Peasant |
| 1:00 | Peasant |
| 1:20 | Scout Tower |
| 1:24 | Peasant |
| 1:28 | Lumber Mill |
| 1:33 | Peasant |
| 1:41 | Scout Tower |
| 1:47 | Arcane Tower |
| 2:00 | Scout Tower |
| 2:02 | Peasant |
| 2:04 | Peasant |
| 2:08 | Flame Strike |
| 2:25 | Scout Tower |
| 2:34 | Scout Tower |
| 2:39 | Peasant |
| 2:39 | Peasant |
| 2:39 | Peasant |
| 2:40 | Peasant |
| 2:43 | Guard Tower |
| 2:54 | Scout Tower |
| 2:56 | Guard Tower |
| 3:06 | Scout Tower |
| 3:07 | Guard Tower |
| 3:21 | Guard Tower |
| 3:23 | Scout Tower |
| 3:24 | Scout Tower |
| 3:36 | Guard Tower |
| 3:46 | Keep |
| 5:07 | Siphon Mana |
| 5:34 | Town Hall |
| 5:43 | Improved Masonry |
| 5:45 | Guard Tower |
| 5:56 | Scout Tower |
| 5:58 | Scout Tower |
| 6:01 | Scout Tower |
| 6:05 | Scout Tower |
| 6:06 | Scout Tower |
| 6:07 | Scout Tower |
| 6:07 | Scout Tower |
| 6:08 | Scout Tower |
| 6:11 | Lesser Clarity Potion |
| 6:11 | Scroll of Regeneration |
| 6:22 | Castle |
| 6:24 | Improved Lumber Harvesting |
| 6:28 | Arcane Sanctum |
| 6:32 | Guard Tower |
| 7:03 | Guard Tower |
| 7:05 | Arcane Vault |
| 7:14 | Scout Tower |
| 7:15 | Scout Tower |
| 7:34 | Boots of Speed |
| 7:34 | Potion of Invisibility |
| 7:34 | Staff of Teleportation |
| 7:57 | Guard Tower |
| 8:06 | Potion of Lesser Invulnerability |
| 8:19 | Peasant |
| 8:20 | Peasant |
| 8:20 | Peasant |
| 8:23 | Scout Tower |
| 8:24 | Scout Tower |
| 8:24 | Scout Tower |
| 8:25 | Scout Tower |
| 8:25 | Scout Tower |
| 8:26 | Scout Tower |
| 8:26 | Scout Tower |
| 8:27 | Scout Tower |
| 8:29 | Lesser Clarity Potion |
| 8:29 | Lesser Clarity Potion |
| 8:37 | Scout Tower |
| 8:38 | Scout Tower |
| 8:39 | Scout Tower |
| 8:40 | Scout Tower |
| 8:40 | Scout Tower |
| 8:41 | Scout Tower |
| 8:42 | Scout Tower |
| 8:43 | Scout Tower |
| 8:44 | Scout Tower |
| 8:52 | Magic Sentry |
| 9:40 | Guard Tower |
| 9:50 | Guard Tower |
| 9:53 | Advanced Lumber Harvesting |
| 9:54 | Peasant |
| 9:54 | Peasant |
| 9:56 | Sorceress |
| 10:02 | Peasant |
| 10:02 | Peasant |
| 10:21 | Guard Tower |
| 10:33 | Sorceress Adept Training |
| 10:35 | Advanced Masonry |
| 10:45 | Guard Tower |
| 10:49 | Peasant |
| 10:49 | Peasant |
| 10:50 | Peasant |
| 10:50 | Peasant |
| 11:20 | Flame Strike |
| 12:05 | Guard Tower |
| 12:13 | Potion of Invisibility |
| 12:16 | Scroll of Town Portal |
| 12:28 | Scout Tower |
| 12:29 | Scout Tower |
| 12:29 | Scout Tower |
| 12:30 | Scout Tower |
| 12:31 | Scout Tower |
| 12:31 | Scout Tower |
| 12:32 | Scout Tower |
| 12:32 | Scout Tower |
| 13:06 | Scout Tower |
| 13:11 | Scout Tower |
| 13:15 | Guard Tower |
| 13:25 | Guard Tower |
| 13:26 | Scout Tower |
| 13:47 | Blacksmith |
| 13:55 | Farm |
| 13:55 | Farm |
| 13:56 | Farm |
| 13:56 | Farm |
| 13:57 | Farm |
| 13:58 | Farm |
| 13:59 | Farm |
| 13:59 | Farm |
| 13:59 | Farm |
| 14:00 | Farm |
| 14:05 | Guard Tower |
| 14:07 | Guard Tower |
| 14:11 | Sorceress Master Training |
| 14:16 | Workshop |
| 14:17 | Workshop |
| 14:18 | Workshop |
| 14:19 | Workshop |
| 14:19 | Workshop |
| 14:22 | Imbued Masonry |
| 14:23 | Black Gunpowder |
| 14:23 | Iron Plating |
| 15:00 | Siphon Mana |
| 15:24 | Flak Cannons |
| 15:24 | Flying Machine |
| 15:24 | Flying Machine |
| 15:44 | Flying Machine |
| 15:46 | Flying Machine |
| 15:57 | Flying Machine |
| 16:23 | Flying Machine |
| 16:33 | Flying Machine |
| 16:53 | Flame Strike |
| 17:12 | Flying Machine |
| 17:12 | Flying Machine |
| 17:33 | Refined Gunpowder |
| 18:08 | Summon Phoenix |
| Right click | 647 |
| Select group | 302 |
| Select | 147 |
| Build/train/purchase | 109 |
| Misc. action | 86 |
| Assign group | 33 |
| Use ability | 30 |
| Chat | 20 |
| Esc | 6 |
| Item give/drop | 3 |
| Minimap ping | 1 |

| Orb of Venom | 1 | 325 |
| Moonstone | 2 | 100 |
| total: | 3 | 425g |
| Wisp | 18 | 1080 | / | 0 |
| Chimaera | 17 | 5610 | / | 1190 |
| total: | 35 | 6690g | / | 1190w |
| Altar of Elders | 1 | 180 | / | 50 |
| Moon Well | 10 | 1800 | / | 400 |
| Ancient of Wonders | 1 | 90 | / | 30 |
| Hunter's Hall | 1 | 210 | / | 100 |
| Ancient of Wind | 1 | 150 | / | 140 |
| Chimaera Roost | 2 | 280 | / | 380 |
| Tree of Ages | 2 | 640 | / | 360 |
| Tree of Eternity | 2 | 660 | / | 400 |
| total: | 16 | 2710g | / | 1100w |
| 0:03 | Wisp |
| 0:03 | Wisp |
| 0:03 | Wisp |
| 0:03 | Wisp |
| 0:03 | Wisp |
| 0:21 | Altar of Elders |
| 0:34 | Moon Well |
| 1:05 | Moon Well |
| 1:13 | Wisp |
| 1:13 | Wisp |
| 1:13 | Wisp |
| 1:45 | Ancient of Wonders |
| 1:50 | Wisp |
| 2:01 | Wisp |
| 2:01 | Wisp |
| 2:02 | Wisp |
| 2:13 | Hunter's Hall |
| 2:29 | Moon Well |
| 2:32 | Moon Well |
| 2:42 | Mana Burn |
| 3:09 | Tree of Ages |
| 3:09 | Tree of Ages |
| 3:31 | Ultravision |
| 3:34 | Moon Well |
| 4:28 | Strength of the Wild |
| 4:29 | Reinforced Hides |
| 4:47 | Moon Well |
| 4:49 | Moon Well |
| 4:51 | Moon Well |
| 4:53 | Moon Well |
| 5:05 | Evasion |
| 5:30 | Wisp |
| 5:31 | Wisp |
| 5:31 | Wisp |
| 5:31 | Wisp |
| 5:31 | Wisp |
| 5:34 | Wisp |
| 5:36 | Ancient of Wind |
| 6:38 | Improved Strength of the Wild |
| 6:38 | Improved Reinforced Hides |
| 6:55 | Tree of Eternity |
| 9:16 | Chimaera Roost |
| 9:17 | Chimaera Roost |
| 9:23 | Advanced Strength of the Wild |
| 9:23 | Advanced Reinforced Hides |
| 9:24 | Well Spring |
| 9:51 | Orb of Venom |
| 9:52 | Moonstone |
| 10:38 | Corrosive Breath |
| 10:40 | Chimaera |
| 10:41 | Chimaera |
| 10:42 | Chimaera |
| 11:32 | Chimaera |
| 11:52 | Mana Burn |
| 12:18 | Chimaera |
| 12:20 | Chimaera |
| 12:28 | Chimaera |
| 13:14 | Evasion |
| 13:39 | Moonstone |
| 13:45 | Chimaera |
| 13:49 | Chimaera |
| 13:50 | Chimaera |
| 14:38 | Chimaera |
| 14:45 | Chimaera |
| 14:55 | Chimaera |
| 15:52 | Mana Burn |
| 16:03 | Chimaera |
| 16:51 | Metamorphosis |
| 17:23 | Evasion |
| 17:39 | Moon Well |
| 17:43 | Chimaera |
| 17:44 | Chimaera |
| 18:32 | Chimaera |
| Right click | 624 |
| Select | 234 |
| Chat | 172 |
| Build/train/purchase | 64 |
| Select group | 62 |
| Misc. action | 51 |
| Resource trade | 23 |
| Use ability | 21 |
| Assign group | 11 |
| Minimap ping | 7 |
| Item give/drop | 2 |

| Scroll of Regeneration | 4 | 400 |
| Lesser Clarity Potion | 1 | 70 |
| Potion of Healing | 1 | 150 |
| Scroll of Town Portal | 1 | 350 |
| Boots of Speed | 2 | 500 |
| Circlet of Nobility | 1 | 175 |
| total: | 10 | 1645g |
| Peasant | 15 | 1125 | / | 0 |
| Footman | 10 | 1350 | / | 0 |
| Spell Breaker | 7 | 1505 | / | 210 |
| Priest | 9 | 1215 | / | 90 |
| Sorceress | 4 | 620 | / | 80 |
| Knight | 5 | 1225 | / | 300 |
| Forest Troll Shadow Priest | 3 | 585 | / | 30 |
| Forest Troll Berserker | 3 | 735 | / | 90 |
| total: | 56 | 8360g | / | 800w |
| Altar of Kings | 1 | 180 | / | 50 |
| Barracks | 1 | 160 | / | 60 |
| Farm | 13 | 1040 | / | 260 |
| Town Hall | 1 | 385 | / | 205 |
| Arcane Vault | 1 | 130 | / | 30 |
| Lumber Mill | 2 | 240 | / | 0 |
| Blacksmith | 1 | 140 | / | 60 |
| Arcane Sanctum | 2 | 300 | / | 280 |
| Keep | 1 | 320 | / | 210 |
| Castle | 1 | 360 | / | 210 |
| total: | 22 | 2575g | / | 945w |
| 0:04 | Altar of Kings |
| 0:06 | Peasant |
| 0:11 | Barracks |
| 0:14 | Peasant |
| 0:23 | Peasant |
| 0:27 | Farm |
| 0:52 | Peasant |
| 1:03 | Farm |
| 1:08 | Peasant |
| 1:16 | Footman |
| 1:38 | Peasant |
| 1:38 | Peasant |
| 1:43 | Footman |
| 2:05 | Farm |
| 2:10 | Summon Water Elemental |
| 3:21 | Town Hall |
| 3:30 | Footman |
| 3:30 | Footman |
| 3:35 | Arcane Vault |
| 3:59 | Brilliance Aura |
| 4:15 | Peasant |
| 4:15 | Peasant |
| 4:37 | Farm |
| 4:40 | Footman |
| 4:48 | Peasant |
| 4:48 | Peasant |
| 4:50 | Scroll of Regeneration |
| 4:53 | Lesser Clarity Potion |
| 4:59 | Peasant |
| 5:00 | Peasant |
| 5:03 | Lumber Mill |
| 5:36 | Peasant |
| 5:36 | Peasant |
| 5:53 | Keep |
| 5:56 | Footman |
| 5:56 | Footman |
| 6:32 | Defend |
| 6:55 | Summon Water Elemental |
| 7:13 | Scroll of Regeneration |
| 7:16 | Blacksmith |
| 7:39 | Forest Troll Shadow Priest |
| 7:39 | Forest Troll Berserker |
| 8:40 | Arcane Sanctum |
| 8:44 | Farm |
| 8:47 | Improved Lumber Harvesting |
| 8:49 | Forest Troll Shadow Priest |
| 8:50 | Forest Troll Berserker |
| 9:15 | Footman |
| 9:16 | Footman |
| 9:16 | Footman |
| 9:18 | Farm |
| 9:20 | Iron Forged Swords |
| 9:25 | Farm |
| 9:40 | Scroll of Regeneration |
| 9:52 | Iron Plating |
| 9:53 | Castle |
| 9:58 | Priest Adept Training |
| 9:58 | Sorceress Adept Training |
| 10:05 | Arcane Sanctum |
| 10:13 | Farm |
| 10:24 | Steel Forged Swords |
| 10:33 | Boots of Speed |
| 10:35 | Boots of Speed |
| 10:38 | Circlet of Nobility |
| 10:50 | Farm |
| 11:25 | Spell Breaker |
| 11:25 | Spell Breaker |
| 11:28 | Priest |
| 11:28 | Priest |
| 11:28 | Sorceress |
| 11:29 | Sorceress |
| 11:42 | Blizzard |
| 12:01 | Farm |
| 12:32 | Priest Master Training |
| 12:34 | Sorceress Master Training |
| 12:36 | Mithril Forged Swords |
| 12:40 | Advanced Lumber Harvesting |
| 12:43 | Farm |
| 12:43 | Farm |
| 12:56 | Scroll of Regeneration |
| 13:17 | Farm |
| 13:18 | Spell Breaker |
| 13:19 | Spell Breaker |
| 13:31 | Forest Troll Shadow Priest |
| 13:31 | Forest Troll Berserker |
| 14:03 | Sorceress |
| 14:03 | Sorceress |
| 14:04 | Priest |
| 14:06 | Knight |
| 14:06 | Knight |
| 14:07 | Knight |
| 14:21 | Lumber Mill |
| 14:36 | Steel Plating |
| 14:43 | Sundering Blades |
| 14:43 | Animal War Training |
| 15:22 | Summon Water Elemental |
| 15:48 | Potion of Healing |
| 15:50 | Scroll of Town Portal |
| 15:58 | Spell Breaker |
| 15:58 | Spell Breaker |
| 16:17 | Mithril Plating |
| 16:21 | Knight |
| 16:21 | Knight |
| 16:41 | Control Magic |
| 16:46 | Improved Masonry |
| 17:05 | Priest |
| 17:05 | Priest |
| 17:06 | Priest |
| 17:07 | Spell Breaker |
| 17:08 | Priest |
| 17:08 | Priest |
| 17:08 | Priest |
| 17:19 | Mass Teleport |
| 18:40 | Brilliance Aura |
| Right click | 589 |
| Select | 356 |
| Select group | 221 |
| Build/train/purchase | 152 |
| Misc. action | 73 |
| Assign group | 30 |
| Minimap ping | 12 |
| Resource trade | 8 |
| Use ability | 6 |
| Chat | 4 |
| Item give/drop | 2 |
| Esc | 2 |
| Remove unit | 1 |

| Scroll of Regeneration | 4 | 400 |
| Mechanical Critter | 1 | 50 |
| Ivory Tower | 5 | 200 |
| Potion of Healing | 2 | 300 |
| Scroll of Town Portal | 1 | 350 |
| total: | 13 | 1300g |
| Peasant | 19 | 1425 | / | 0 |
| Footman | 3 | 405 | / | 0 |
| Rifleman | 8 | 1640 | / | 240 |
| Sorceress | 7 | 1085 | / | 140 |
| Mortar Team | 5 | 900 | / | 350 |
| total: | 42 | 5455g | / | 730w |
| Scout Tower | 8 | 240 | / | 160 |
| Guard Tower | 5 | 350 | / | 250 |
| Arcane Tower | 1 | 70 | / | 50 |
| Farm | 14 | 1120 | / | 280 |
| Altar of Kings | 1 | 180 | / | 50 |
| Lumber Mill | 2 | 240 | / | 0 |
| Barracks | 1 | 160 | / | 60 |
| Arcane Vault | 1 | 130 | / | 30 |
| Blacksmith | 1 | 140 | / | 60 |
| Town Hall | 2 | 770 | / | 410 |
| Workshop | 2 | 280 | / | 280 |
| Arcane Sanctum | 1 | 150 | / | 140 |
| Keep | 1 | 320 | / | 210 |
| Castle | 2 | 720 | / | 420 |
| total: | 33 | 3410g | / | 1470w |
| 0:03 | Peasant |
| 0:03 | Peasant |
| 0:04 | Peasant |
| 0:20 | Farm |
| 0:31 | Altar of Kings |
| 0:34 | Peasant |
| 0:54 | Lumber Mill |
| 0:57 | Peasant |
| 1:04 | Farm |
| 1:08 | Peasant |
| 1:18 | Barracks |
| 1:24 | Peasant |
| 1:36 | Farm |
| 1:49 | Scout Tower |
| 1:59 | Peasant |
| 2:03 | Peasant |
| 2:18 | Arcane Vault |
| 2:21 | Guard Tower |
| 2:24 | Peasant |
| 2:29 | Farm |
| 2:37 | Summon Water Elemental |
| 2:41 | Footman |
| 3:39 | Blacksmith |
| 3:42 | Scout Tower |
| 3:44 | Improved Masonry |
| 3:46 | Footman |
| 3:47 | Footman |
| 3:51 | Farm |
| 4:14 | Arcane Tower |
| 4:27 | Keep |
| 4:43 | Studded Leather Armor |
| 4:55 | Rifleman |
| 4:55 | Rifleman |
| 5:17 | Rifleman |
| 5:40 | Black Gunpowder |
| 5:48 | Rifleman |
| 5:48 | Rifleman |
| 6:01 | Scroll of Regeneration |
| 6:03 | Mechanical Critter |
| 6:37 | Scout Tower |
| 6:39 | Farm |
| 6:44 | Brilliance Aura |
| 7:02 | Long Rifles |
| 7:05 | Workshop |
| 7:08 | Arcane Sanctum |
| 7:11 | Improved Lumber Harvesting |
| 7:14 | Refined Gunpowder |
| 7:18 | Farm |
| 7:28 | Ivory Tower |
| 7:28 | Ivory Tower |
| 8:01 | Guard Tower |
| 8:48 | Brilliance Aura |
| 9:00 | Town Hall |
| 9:08 | Rifleman |
| 9:10 | Peasant |
| 9:10 | Peasant |
| 9:14 | Lumber Mill |
| 9:52 | Sorceress Adept Training |
| 9:52 | Sorceress |
| 9:52 | Sorceress |
| 9:55 | Peasant |
| 9:59 | Scout Tower |
| 10:07 | Scroll of Regeneration |
| 10:12 | Ivory Tower |
| 10:29 | Peasant |
| 10:29 | Peasant |
| 10:34 | Guard Tower |
| 11:03 | Guard Tower |
| 11:08 | Reinforced Leather Armor |
| 11:10 | Rifleman |
| 11:10 | Rifleman |
| 11:21 | Potion of Healing |
| 11:56 | Summon Water Elemental |
| 12:11 | Scroll of Town Portal |
| 12:12 | Scroll of Regeneration |
| 12:28 | Mortar Team |
| 12:45 | Scroll of Regeneration |
| 12:49 | Advanced Masonry |
| 12:51 | Ivory Tower |
| 12:51 | Ivory Tower |
| 13:06 | Farm |
| 13:10 | Farm |
| 13:12 | Guard Tower |
| 13:16 | Potion of Healing |
| 13:21 | Farm |
| 13:22 | Farm |
| 13:40 | Castle |
| 13:48 | Priest Adept Training |
| 13:55 | Farm |
| 14:07 | Magic Sentry |
| 14:18 | Farm |
| 14:22 | Mortar Team |
| 14:33 | Mortar Team |
| 14:56 | Iron Plating |
| 15:20 | Brilliance Aura |
| 15:42 | Mass Teleport |
| 15:51 | Sorceress |
| 15:52 | Mortar Team |
| 15:54 | Farm |
| 16:07 | Summon Water Elemental |
| 16:14 | Scout Tower |
| 16:16 | Scout Tower |
| 16:17 | Scout Tower |
| 16:18 | Scout Tower |
| 16:22 | Peasant |
| 16:32 | Sorceress |
| 16:32 | Sorceress |
| 16:32 | Sorceress |
| 16:32 | Sorceress Master Training |
| 17:07 | Mortar Team |
| 17:07 | Fragmentation Shards |
| 17:25 | Peasant |
| 17:25 | Peasant |
| 17:25 | Peasant |
| 17:39 | Steel Plating |
| 17:43 | Workshop |
| 17:45 | Advanced Lumber Harvesting |
| 17:45 | Imbued Masonry |
| 17:53 | Town Hall |
| 18:15 | Sorceress |
| 18:20 | Barrage |
| 18:25 | Blizzard |
| 18:25 | Blizzard |
| Right click | 572 |
| Select | 252 |
| Select group | 218 |
| Build/train/purchase | 136 |
| Assign group | 24 |
| Chat | 23 |
| Use ability | 10 |
| Minimap ping | 5 |
| Esc | 1 |
185 units @ 23.4k
/ 3.5k
70 buildings @ 10.9k
/ 4.5k


| Scroll of Regeneration | 4 | 400 |
| Orb of Fire | 1 | 325 |
| total: | 5 | 725g |
| Peasant | 16 | 1200 | / | 0 |
| Footman | 4 | 540 | / | 0 |
| Rifleman | 14 | 2870 | / | 420 |
| Priest | 4 | 540 | / | 40 |
| Mortar Team | 4 | 720 | / | 280 |
| Gryphon Rider | 3 | 840 | / | 210 |
| Spell Breaker | 1 | 215 | / | 30 |
| Siege Engine | 2 | 390 | / | 120 |
| total: | 48 | 7315g | / | 1100w |
| Altar of Kings | 1 | 180 | / | 50 |
| Barracks | 1 | 160 | / | 60 |
| Farm | 11 | 880 | / | 220 |
| Blacksmith | 1 | 140 | / | 60 |
| Lumber Mill | 2 | 240 | / | 0 |
| Arcane Vault | 1 | 130 | / | 30 |
| Town Hall | 1 | 385 | / | 205 |
| Arcane Sanctum | 1 | 150 | / | 140 |
| Workshop | 1 | 140 | / | 140 |
| Gryphon Aviary | 1 | 140 | / | 150 |
| Keep | 1 | 320 | / | 210 |
| Castle | 1 | 360 | / | 210 |
| total: | 21 | 2545g | / | 1055w |
| 0:02 | Peasant |
| 0:14 | Peasant |
| 0:18 | Altar of Kings |
| 0:21 | Barracks |
| 0:28 | Peasant |
| 0:34 | Farm |
| 0:39 | Farm |
| 0:42 | Peasant |
| 0:54 | Peasant |
| 1:03 | Peasant |
| 1:26 | Footman |
| 1:40 | Farm |
| 1:45 | Footman |
| 1:48 | Peasant |
| 1:51 | Peasant |
| 2:03 | Footman |
| 2:07 | Peasant |
| 2:20 | Summon Water Elemental |
| 2:20 | Footman |
| 2:36 | Peasant |
| 3:03 | Keep |
| 3:19 | Blacksmith |
| 3:30 | Lumber Mill |
| 3:41 | Arcane Vault |
| 3:49 | Farm |
| 3:51 | Brilliance Aura |
| 4:33 | Rifleman |
| 4:33 | Rifleman |
| 4:56 | Black Gunpowder |
| 5:02 | Studded Leather Armor |
| 5:02 | Iron Plating |
| 5:10 | Scroll of Regeneration |
| 5:25 | Farm |
| 5:40 | Summon Water Elemental |
| 5:47 | Farm |
| 5:51 | Farm |
| 6:05 | Rifleman |
| 6:11 | Long Rifles |
| 6:13 | Improved Lumber Harvesting |
| 6:22 | Refined Gunpowder |
| 7:17 | Rifleman |
| 7:17 | Rifleman |
| 7:48 | Arcane Sanctum |
| 7:50 | Workshop |
| 7:58 | Brilliance Aura |
| 7:58 | Storm Bolt |
| 8:07 | Scroll of Regeneration |
| 8:12 | Rifleman |
| 8:27 | Farm |
| 8:59 | Castle |
| 9:37 | Town Hall |
| 10:00 | Steel Plating |
| 10:01 | Reinforced Leather Armor |
| 10:08 | Priest Adept Training |
| 10:09 | Priest |
| 10:13 | Flare |
| 10:36 | Mortar Team |
| 12:02 | Rifleman |
| 12:03 | Sundering Blades |
| 12:04 | Animal War Training |
| 12:05 | Gryphon Aviary |
| 12:08 | Priest Master Training |
| 12:10 | Fragmentation Shards |
| 12:13 | Mithril Plating |
| 12:15 | Dragonhide Armor |
| 12:18 | Iron Forged Swords |
| 12:22 | Scroll of Regeneration |
| 12:24 | Orb of Fire |
| 12:43 | Scroll of Regeneration |
| 12:49 | Rifleman |
| 12:51 | Priest |
| 12:53 | Mortar Team |
| 13:01 | Peasant |
| 13:01 | Peasant |
| 13:01 | Peasant |
| 13:01 | Peasant |
| 13:06 | Lumber Mill |
| 13:20 | Rifleman |
| 13:21 | Mortar Team |
| 13:22 | Priest |
| 13:41 | Gryphon Rider |
| 13:52 | Peasant |
| 13:52 | Peasant |
| 13:55 | Advanced Lumber Harvesting |
| 14:07 | Spell Breaker |
| 14:09 | Rifleman |
| 14:11 | Mortar Team |
| 14:17 | Farm |
| 14:21 | Farm |
| 14:24 | Farm |
| 15:06 | Rifleman |
| 15:13 | Rifleman |
| 15:43 | Rifleman |
| 15:45 | Barrage |
| 15:45 | Siege Engine |
| 15:48 | Priest |
| 15:53 | Bash |
| 16:05 | Gryphon Rider |
| 17:54 | Siege Engine |
| 17:55 | Gryphon Rider |
| 17:56 | Rifleman |
| Right click | 599 |
| Select group | 497 |
| Select | 427 |
| Misc. action | 200 |
| Build/train/purchase | 117 |
| Assign group | 87 |
| Chat | 51 |
| Use ability | 9 |
| Esc | 4 |
| Remove unit | 2 |
| Minimap ping | 2 |
| Item give/drop | 1 |


| Potion of Healing | 5 | 750 |
| Orb of Venom | 1 | 325 |
| Scroll of Town Portal | 1 | 350 |
| total: | 7 | 1425g |
| Wisp | 20 | 1200 | / | 0 |
| Archer | 5 | 650 | / | 50 |
| Dryad | 25 | 3625 | / | 1500 |
| Mountain Giant | 2 | 700 | / | 200 |
| total: | 52 | 6175g | / | 1750w |
| Altar of Elders | 1 | 180 | / | 50 |
| Moon Well | 7 | 1260 | / | 280 |
| Ancient of War | 1 | 150 | / | 60 |
| Hunter's Hall | 1 | 210 | / | 100 |
| Tree of Life | 1 | 340 | / | 185 |
| Ancient of Wonders | 1 | 90 | / | 30 |
| Ancient of Lore | 2 | 310 | / | 290 |
| Tree of Ages | 1 | 320 | / | 180 |
| Tree of Eternity | 1 | 330 | / | 200 |
| total: | 14 | 2540g | / | 995w |
| 0:20 | Wisp |
| 0:20 | Wisp |
| 0:34 | Altar of Elders |
| 0:39 | Moon Well |
| 1:00 | Wisp |
| 1:01 | Wisp |
| 1:54 | Wisp |
| 1:54 | Wisp |
| 2:03 | Moon Well |
| 2:24 | Wisp |
| 2:25 | Wisp |
| 2:32 | Ancient of War |
| 2:44 | Wisp |
| 3:09 | Force of Nature |
| 3:37 | Archer |
| 3:40 | Tree of Ages |
| 4:03 | Archer |
| 4:09 | Hunter's Hall |
| 4:43 | Archer |
| 4:43 | Archer |
| 4:56 | Moon Well |
| 5:19 | Archer |
| 5:54 | Tree of Life |
| 6:16 | Reinforced Hides |
| 6:18 | Wisp |
| 6:18 | Wisp |
| 6:18 | Wisp |
| 6:23 | Moon Well |
| 6:32 | Ancient of Wonders |
| 6:41 | Ancient of Lore |
| 6:53 | Ancient of Lore |
| 6:59 | Thorns Aura |
| 7:13 | Wisp |
| 7:19 | Moon Well |
| 7:39 | Strength of the Wild |
| 7:46 | Force of Nature |
| 8:07 | Trueshot Aura |
| 8:16 | Dryad |
| 8:17 | Dryad |
| 8:21 | Wisp |
| 8:21 | Wisp |
| 8:21 | Wisp |
| 8:21 | Wisp |
| 8:22 | Wisp |
| 8:31 | Moon Well |
| 8:53 | Abolish Magic |
| 8:55 | Dryad |
| 9:34 | Dryad |
| 9:36 | Dryad |
| 9:37 | Improved Reinforced Hides |
| 9:56 | Potion of Healing |
| 10:01 | Potion of Healing |
| 10:03 | Potion of Healing |
| 10:14 | Wisp |
| 10:14 | Wisp |
| 10:19 | Moon Well |
| 10:21 | Dryad |
| 10:23 | Dryad |
| 12:04 | Dryad |
| 12:07 | Improved Strength of the Wild |
| 12:13 | Tree of Eternity |
| 12:35 | Dryad |
| 12:37 | Dryad |
| 13:01 | Scroll of Town Portal |
| 13:05 | Searing Arrows |
| 13:08 | Dryad |
| 13:10 | Dryad |
| 13:40 | Dryad |
| 13:42 | Dryad |
| 13:48 | Mountain Giant |
| 13:50 | Mountain Giant |
| 14:18 | Dryad |
| 14:19 | Dryad |
| 14:34 | Advanced Reinforced Hides |
| 14:52 | Dryad |
| 15:00 | Dryad |
| 15:11 | Advanced Strength of the Wild |
| 16:08 | Dryad |
| 16:08 | Dryad |
| 16:10 | Dryad |
| 16:11 | Dryad |
| 17:32 | Dryad |
| 17:34 | Dryad |
| 17:57 | Potion of Healing |
| 17:58 | Orb of Venom |
| 18:01 | Potion of Healing |
| 18:11 | Dryad |
| Select | 164 |
| Build/train/purchase | 77 |
| Right click | 68 |
| Select group | 29 |
| Chat | 18 |
| Assign group | 12 |
| Use ability | 10 |
| Minimap ping | 3 |
| Item give/drop | 1 |

| Scroll of Town Portal | 1 | 350 |
| total: | 1 | 350g |
| Wisp | 27 | 1620 | / | 0 |
| Archer | 20 | 2600 | / | 200 |
| Hippogryph | 12 | 1920 | / | 240 |
| total: | 59 | 6140g | / | 440w |
| Ancient Protector | 6 | 810 | / | 480 |
| Moon Well | 5 | 900 | / | 200 |
| Altar of Elders | 1 | 180 | / | 50 |
| Ancient of War | 1 | 150 | / | 60 |
| Hunter's Hall | 1 | 210 | / | 100 |
| Tree of Life | 1 | 340 | / | 185 |
| Ancient of Wonders | 1 | 90 | / | 30 |
| Ancient of Wind | 4 | 600 | / | 560 |
| Tree of Ages | 1 | 320 | / | 180 |
| Tree of Eternity | 1 | 330 | / | 200 |
| total: | 20 | 3280g | / | 1665w |
| 0:03 | Wisp |
| 0:03 | Wisp |
| 0:03 | Wisp |
| 0:10 | Moon Well |
| 0:17 | Wisp |
| 0:32 | Altar of Elders |
| 0:35 | Ancient of War |
| 0:51 | Wisp |
| 0:51 | Wisp |
| 1:26 | Moon Well |
| 1:28 | Wisp |
| 1:37 | Archer |
| 1:45 | Wisp |
| 1:52 | Archer |
| 2:02 | Archer |
| 2:18 | Archer |
| 2:23 | Wisp |
| 2:40 | Trueshot Aura |
| 2:49 | Archer |
| 2:55 | Moon Well |
| 3:56 | Archer |
| 3:58 | Hunter's Hall |
| 4:00 | Wisp |
| 4:48 | Archer |
| 4:51 | Wisp |
| 4:51 | Wisp |
| 5:01 | Archer |
| 5:03 | Strength of the Moon |
| 5:09 | Ancient Protector |
| 6:02 | Archer |
| 6:03 | Moon Armor |
| 6:37 | Tree of Ages |
| 6:39 | Archer |
| 6:40 | Ultravision |
| 6:51 | Archer |
| 7:02 | Tree of Life |
| 8:04 | Trueshot Aura |
| 8:36 | Archer |
| 8:46 | Ancient Protector |
| 8:51 | Archer |
| 9:04 | Ancient of Wind |
| 9:10 | Ancient of Wonders |
| 9:12 | Wisp |
| 9:12 | Wisp |
| 9:12 | Wisp |
| 9:12 | Wisp |
| 9:16 | Improved Strength of the Moon |
| 9:20 | Archer |
| 9:20 | Improved Bows |
| 9:51 | Wisp |
| 9:52 | Wisp |
| 9:52 | Wisp |
| 9:52 | Wisp |
| 9:52 | Wisp |
| 9:58 | Archer |
| 10:00 | Improved Moon Armor |
| 10:12 | Scroll of Town Portal |
| 10:39 | Wisp |
| 10:52 | Ancient Protector |
| 12:15 | Hippogryph |
| 12:16 | Archer |
| 12:22 | Wisp |
| 12:22 | Wisp |
| 12:27 | Ancient Protector |
| 12:39 | Hippogryph |
| 12:41 | Reinforced Hides |
| 12:42 | Strength of the Wild |
| 12:56 | Moon Well |
| 13:01 | Archer |
| 14:09 | Ancient Protector |
| 14:12 | Wisp |
| 14:12 | Wisp |
| 14:12 | Wisp |
| 14:19 | Hippogryph |
| 14:20 | Archer |
| 14:28 | Ancient of Wind |
| 14:29 | Improved Reinforced Hides |
| 14:37 | Ancient Protector |
| 14:49 | Scout |
| 15:43 | Hippogryph |
| 15:43 | Hippogryph |
| 15:45 | Archer |
| 15:48 | Improved Strength of the Wild |
| 16:08 | Moon Well |
| 16:16 | Hippogryph |
| 16:43 | Hippogryph |
| 17:04 | Hippogryph |
| 17:08 | Archer |
| 17:14 | Ancient of Wind |
| 17:26 | Ancient of Wind |
| 17:28 | Hippogryph |
| 17:32 | Tree of Eternity |
| 17:37 | Nature's Blessing |
| 17:44 | Hippogryph |
| 17:54 | Hippogryph |
| 18:28 | Hippogryph |
| Right click | 591 |
| Select | 317 |
| Build/train/purchase | 83 |
| Misc. action | 30 |
| Use ability | 9 |
| Remove unit | 7 |
| Esc | 3 |
| Minimap ping | 1 |

| Healing Salve | 3 | 300 |
| Scroll of Town Portal | 1 | 350 |
| total: | 4 | 650g |
| Peon | 10 | 750 | / | 0 |
| Grunt | 10 | 2000 | / | 0 |
| Troll Headhunter | 4 | 560 | / | 80 |
| Demolisher | 2 | 440 | / | 100 |
| total: | 26 | 3750g | / | 180w |
| Watch Tower | 2 | 220 | / | 160 |
| Altar of Storms | 1 | 180 | / | 50 |
| Barracks | 1 | 180 | / | 50 |
| Orc Burrow | 8 | 1280 | / | 320 |
| War Mill | 1 | 205 | / | 0 |
| Voodoo Lounge | 1 | 130 | / | 30 |
| Great Hall | 1 | 385 | / | 185 |
| Stronghold | 1 | 315 | / | 190 |
| total: | 15 | 2580g | / | 795w |
| 0:04 | Altar of Storms |
| 0:09 | Barracks |
| 0:14 | Orc Burrow |
| 0:24 | Peon |
| 0:36 | Peon |
| 0:51 | Peon |
| 1:08 | Peon |
| 1:13 | Peon |
| 1:23 | Peon |
| 1:33 | Grunt |
| 1:40 | Peon |
| 1:48 | Peon |
| 2:28 | Wind Walk |
| 2:36 | Orc Burrow |
| 2:37 | Orc Burrow |
| 2:38 | Orc Burrow |
| 3:48 | Grunt |
| 3:48 | Grunt |
| 3:48 | Grunt |
| 3:48 | Grunt |
| 3:54 | Grunt |
| 4:31 | Pillage |
| 4:37 | Critical Strike |
| 5:01 | War Mill |
| 5:11 | Voodoo Lounge |
| 5:24 | Orc Burrow |
| 5:25 | Orc Burrow |
| 5:29 | Orc Burrow |
| 5:53 | Stronghold |
| 6:14 | Troll Headhunter |
| 6:32 | Orc Burrow |
| 6:36 | Healing Salve |
| 6:56 | Troll Headhunter |
| 6:56 | Troll Headhunter |
| 7:01 | Troll Headhunter |
| 7:31 | Watch Tower |
| 7:33 | Watch Tower |
| 10:02 | Berserker Strength |
| 10:03 | Troll Regeneration |
| 10:04 | Demolisher |
| 10:04 | Demolisher |
| 12:23 | Grunt |
| 12:23 | Grunt |
| 12:24 | Grunt |
| 12:25 | Grunt |
| 12:53 | Healing Salve |
| 13:12 | Peon |
| 13:18 | Peon |
| 13:43 | Steel Ranged Weapons |
| 13:58 | Healing Salve |
| 14:39 | Scroll of Town Portal |
| 15:04 | Great Hall |
| 15:09 | Wind Walk |
| 16:22 | Steel Armor |
| Right click | 778 |
| Select | 182 |
| Build/train/purchase | 69 |
| Select group | 35 |
| Misc. action | 31 |
| Use ability | 15 |
| Assign group | 12 |
| Esc | 2 |
| Minimap ping | 2 |
| Remove unit | 1 |
⇛